 Dungeon Crawl Stone Soup version 0.19.3 (webtiles) character file.

169 MovingMist the Skirmisher (level 5, -15/33 HPs)
             Began as a Gargoyle Fighter on Jan 22, 2017.
             Demolished by an ogre
             ... wielding a +0 giant club
              (21 damage)
             ... on level 2 of the Dungeon.
             The game lasted 00:05:15 (2075 turns).

MovingMist the Skirmisher (Gargoyle Fighter)        Turns: 2075, Time: 00:05:15

Health: -15/33     AC: 13    Str: 24    XL:     5   Next: 50%
Magic:  5/5        EV:  7    Int:  9    God:
Gold:   110        SH:  9    Dex: 10    Spells: 0 memorised, 4 levels left

rFire  . . .     SeeInvis .     a - +0 flail
rCold  . . .     Gourm    .     p - +0 chain mail
rNeg   + . .     Faith    .     c - +0 shield
rPois  ∞         Spirit   .     (no helmet)
rElec  +         Reflect  .     (no cloak)
rCorr  .         Harm     .     (no gloves)
MR     .....                    (no boots)
Stlth  ..........               (no amulet)
                                (no ring)
                                (no ring)

@: mighty
A: negative energy resistance 1, electricity resistance, unbreathing,
petrification resistance, rot immunity, AC +4
a: no special abilities


You were on level 2 of the Dungeon.
You were not hungry.

You visited 1 branch of the dungeon, and saw 3 of its levels.

You collected 110 gold pieces.

Inventory:

Hand Weapons
 a - a +0 flail (weapon)
Armour
 c - a +0 shield (worn)
 p - a +0 chain mail (worn)
Scrolls
 b - a scroll of enchant weapon {unknown}
 e - a scroll of fear {unknown}
 l - 4 scrolls of identify {unknown}
 m - a scroll of noise {unknown}
 n - a scroll of blinking {unknown}
 o - a scroll of amnesia {unknown}
 r - a scroll of remove curse {unknown}
Potions
 d - a potion of might
 h - a potion of beneficial mutation {unknown}
 j - a potion of heal wounds {unknown}
 q - a potion of cure mutation {unknown}
Comestibles
 f - 4 bread rations
 i - a royal jelly
 k - a beef jerky


   Skills:
 + Level 4.1 Fighting
 + Level 3.0 Maces & Flails
 - Level 3.2 Armour
 * Level 3.0 Dodging
 - Level 3.2 Shields


You had 4 spell levels left.
You didn't know any spells.

Dungeon Overview and Level Annotations

Branches:
Dungeon (3/15)

Altars:
Dithmenos


Innate Abilities, Weirdness & Mutations

You are resistant to torment.
Your stone body is resilient. (AC +4)
You are immune to poison.
You resist negative energy. (rN+)
You are resistant to electric shocks. (rElec)
You can survive without breathing.
You are immune to petrification.
You are immune to rotting.


Message History

You see here a mace.
All of the chunks of flesh in your inventory have rotted away.
There is a stone staircase leading up here.
The ogre hits you with a giant club!
* * * LOW HITPOINT WARNING * * *
You climb upwards.
There is a stone staircase leading down here.
You block the ogre's attack.
You feel very mighty all of a sudden.
You thump the ogre!
The ogre is moderately wounded.
You block the ogre's attack.
You thump the ogre!
The ogre is severely wounded.
You block the ogre's attack.
You barely miss the ogre.
The ogre is severely wounded.
The ogre hits you with a giant club!!
Ouch! That really hurt!
You die...

#.# #(.###.#.######
#.####.... #.#
#......#......###.#####.#.
##.# #.####.#..###.#.....#
###. ...# ##.#
#.#..###.#.###.# #. ####
##..# #.......#..# #.# #.
#...####.#..###.#.###.# #.
##.......##.# #.#.....# ##.
#..#####...###.#####.####..
#..# ##...@.##.## #.#....#
##..###....O.....####.#.##..
#.....................#.###.
#....<.........).#.####.##..
#.####...........#.# #.##..
######.#
##............####.##..
.......#
##....................
########
##.>................#
####.......####)####


You could see an ogre.

Vanquished Creatures
  Terence (D:2)
  Natasha (twice) (D:2)
  3 adders
  2 worms (D:3)
  3 dart slugs
  An orc (D:3)
  7 bats
  7 giant cockroaches
  10 goblins
  7 hobgoblins
  2 frilled lizards
  3 kobolds (D:2)
  8 rats
56 creatures vanquished.

Notes
Turn   | Place    | Note
-------+----------+-------------------------------------------
     0 | D:1      | MovingMist the Gargoyle Fighter began the quest for the Orb.
     0 | D:1      | Reached XP level 1. HP: 14/14 MP: 1/1
   231 | D:1      | Reached XP level 2. HP: 19/19 MP: 2/2
   267 | D:1      | Reached skill level 1 in Dodging
   510 | D:1      | Reached XP level 3. HP: 22/23 MP: 3/3
  1085 | D:2      | Noticed Natasha
  1095 | D:2      | Killed Natasha
  1095 | D:2      | Reached XP level 4. HP: 17/29 MP: 4/4
  1415 | D:2      | Noticed Natasha
  1432 | D:2      | Killed Natasha
  1432 | D:2      | Reached skill level 4 in Fighting
  1436 | D:2      | Reached XP level 5. HP: 28/33 MP: 5/5
  1581 | D:2      | Noticed Terence
  1605 | D:2      | Killed Terence
  1740 | D:3      | Found a shadowy altar of Dithmenos.
  1942 | D:3      | Noticed an ogre
  2075 | D:2      | Demolished by an ogre

Skill      XL: |  1  2  3  4  5 |
---------------+----------------+-----
Dodging        | 1 2 3 |  3.0
Fighting       | 4 |  4.1
Maces & Flails | 3 |  3.0
Armour         | |  3.2
Shields        | |  3.2

Action                   |  1- 3 |  4- 6 || total
-------------------------+-------+-------++-------
Melee: Flail             |   115 |   139 ||   254
  Use: Potion            |       |     1 ||     1
  Eat: Chunk             |     1 |     3 ||     4
Armor: Scale mail        |    70 |    49 ||   119
       Chain mail        |       |    31 ||    31
Dodge: Dodged            |    40 |    40 ||    80
Block: Shield            |    67 |    75 ||   142
